 Dungeon Crawl Stone Soup version 0.26-a0-1033-gd598b01645 (webtiles) character file.

Game seed: 8705965085521819557

1862 pablito the Insei (level 9, -3/53 HPs)
             Began as an Octopode Transmuter on Dec 10, 2020.
             Was a Believer of Nemelex Xobeh.
             Slain by an orc warrior
             ... wielding a +0 halberd
              (17 damage)
             ... in a bailey.
             The game lasted 00:25:39 (7529 turns).

pablito the Insei (Octopode Transmuter)             Turns: 7529, Time: 00:25:39

Health: -3/53      AC:  2    Str: 10    XL:     9   Next: 13%
Magic:  15/15      EV: 20    Int: 15    God:    Nemelex Xobeh [**....]
Gold:   250        SH:  0    Dex: 20    Spells: 11/16 levels left

rFire    . . .     SeeInvis .     - Unarmed
rCold    . . .     Faith    .   (shield currently unavailable)
rNeg     . . .     Spirit   .   (helmet currently unavailable)
rPois    x         Reflect  .   p - amulet of regeneration
rElec    .         Harm     .   (no ring)
rCorr    .         Rampage  .   (no ring)
Will     .....                  (no ring)
Stlth    +++.......             (no ring)
HPRegen  0.57/turn              (no ring)
MPRegen  0.14/turn              (no ring)
                                (no ring)
                                (no ring)

@: spider-form
A: tiny, almost no armour, stealthy swim, (amphibious), 8 rings, (constrict 8)
a: End Transformation, Draw Escape, Draw Destruction, Draw Summoning, Renounce
Religion


You were in a bailey.
You worshipped Nemelex Xobeh.
Nemelex Xobeh was pleased with you.
You were a venomous arachnid creature.
You visited 1 branch of the dungeon, and saw 7 of its levels.
You also visited: Bailey.

You collected 370 gold pieces.
You spent 120 gold pieces at shops.

Inventory:

Hand Weapons
 f - a +0 arbalest (melded)
Missiles
 i - 54 bolts
 k - 3 javelins (quivered)
Armour
 n - a +0 tower shield
 t - a +0 kite shield
Jewellery
 p - an amulet of regeneration (around neck)
Wands
 e - a wand of paralysis (4)
 u - a wand of polymorph (5)
Scrolls
 c - a scroll of remove curse
 g - 2 scrolls of amnesia
 l - 2 scrolls of teleportation
 s - a scroll of magic mapping
Potions
 a - 2 potions of curing
 b - a potion of haste
 d - 3 potions of might
 h - a potion of berserk rage {unknown}
 j - a potion of cancellation
 o - a potion of resistance {unknown}
 q - 2 potions of magic {unknown}
 r - a potion of mutation {unknown}
 v - a potion of attraction {unknown}
 w - 2 potions of ambrosia {unknown}


   Skills:
 - Level 1.0 Fighting
 + Level 3.1 Crossbows
 - Level 1.1 Throwing
 - Level 2.0 Dodging
 - Level 4.0 Stealth
 + Level 3.8 Shields
 * Level 6.5 Unarmed Combat
 - Level 4.0 Spellcasting
 - Level 2.0 Necromancy
 * Level 5.7 Transmutations
 - Level 3.5 Poison Magic


You had 11 spell levels left.
You knew the following spells:

 Your Spells              Type           Power        Failure   Level
b - Spider Form           Tmut/Pois      ###.......   22%         3
c - Wereblood             Tmut           ###.....     10%         2

Your spell library contained the following spells:

 Spells                   Type           Power        Failure   Level
 Beastly Appendage        Tmut           ###...       8%          1
 Animate Skeleton         Necr           #.....       21%         1
 Pain                     Necr           #...         21%         1
 Apportation              Tloc           #.....       38%         1
 Corona                   Hex            #......      38%         1
 Summon Small Mammal      Summ           #...         38%         1
 Vampiric Draining        Necr           #.........   45%         3
 Blade Hands              Tmut           ###.......   65%         5
 Ice Form                 Ice/Tmut       ##......     71%         4
 Animate Dead             Necr           #.........   80%         4
 Agony                    Necr           #.......     98%         5


Dungeon Overview and Level Annotations

Branches:
Dungeon (7/15)             Temple (0/1) D:5          Bailey (1/1)

Altars:
Ashenzari
Cheibriados
Dithmenos
Elyvilon
Gozag
Nemelex Xobeh
Sif Muna
Trog
Uskayaw
Wu Jian
The Shining One

Shops:
D:4 !


Innate Abilities, Weirdness & Mutations

You cannot wear most types of armour.
You are very stealthy in the water. (Stealth+)
((You are amphibious.))
You can wear up to eight rings at the same time.
((You can use your tentacles to constrict eight enemies at once.))
((Your skin changes colour to match your surroundings (Stealth+).))
((Your rubbery body absorbs attacks. (AC +1, EV +1)))


Message History

The orc warrior closely misses you. Something hits your wind drake!!
Your wind drake dies!
Your wind drake's corpse disappears in a puff of smoke!
You draw a card...
You have drawn the Elixir.
You begin rapidly regenerating.
Your catoblepas is healed.
The orc warrior is no longer moving slowly.
Your catoblepas gores the orc warrior!!
The orc warrior is engulfed in calcifying dust.
The orc knight completely misses you. Something hits your catoblepas!
You draw a card...
You have drawn Pain.
Press: ? - help, Shift-Dir - straight line, f/p - orc knight
Aim: an orc knight, wielding a +0 glaive and wearing a +0 chain mail (heavily wounded, poisoned)
The orc knight barely resists.
Your primal bloodlust has ended.
Your catoblepas breathes a plume of calcifying dust at the orc warrior.
The blast of calcifying dust hits the orc warrior.
The orc warrior hits you from afar with a +0 halberd!
You die...
Your body disappears without a glow.

#### ##∩## #####
....##...##Yo§§.
≈≈≈..#...#.§(≈≈.
≈)≈≈......(≈≈o≈≈
ooo≈......(≈oo.≈
≈)≈≈.)).)(.≈≈o≈≈
#oo(# #.°(#
##s## ###


You could see an orc knight (poisoned), 2 orc warriors and a friendly catoblepas
(summoned).

Vanquished Creatures
  Pikel (D:5)
  Edmund (D:5)
  A water moccasin (D:4)
  A sky beast (D:5)
  An ogre (D:6)
  3 lemures (D:5)
  Blork the orc (D:6)
  2 hounds (D:4)
  2 jellies
  A bullfrog skeleton (D:6)
  3 orc priests (D:6)
  4 orc wizards
  2 iguanas
  2 worker ants
  A worker ant zombie (D:6)
  8 adders
  4 gnolls (D:4)
  A howler monkey skeleton (D:6)
  An ufetubus (D:4)
  An ooze (D:2)
  2 adder skeletons
  2 worms (D:2)
  2 dart slugs
  5 leopard geckos
  19 orcs
  3 ball pythons
  6 bats
  3 giant cockroaches
  17 goblins
  3 hobgoblins
  A quokka (D:5)
  5 frilled lizards
  A giant cockroach zombie (D:5)
  4 kobolds (D:2)
  A leopard gecko skeleton (D:6)
  A quokka zombie (D:6)
  9 rats
125 creatures vanquished.

Vanquished Creatures (collateral kills)
  4 orc warriors (Bailey)
  An orc (Bailey)
5 creatures vanquished.

Vanquished Creatures (others)
  9 plants (D:5)
9 creatures vanquished.

Grand Total: 139 creatures vanquished

Notes
Turn   | Place    | Note
-------+----------+-------------------------------------------
     0 | D:1      | pablito the Octopode Transmuter began the quest for the
                  | Orb.
     0 | D:1      | Reached XP level 1. HP: 13/13 MP: 3/3
   194 | D:1      | Reached XP level 2. HP: 16/18 MP: 5/5
   325 | D:1      | Reached skill level 1 in Poison Magic
   496 | D:1      | Reached skill level 1 in Stealth
   612 | D:1      | Reached XP level 3. HP: 22/23 MP: 4/6
   944 | D:2      | Found a broken altar of Ashenzari.
  1530 | D:2      | Found a bloodstained altar of Trog.
  1678 | D:2      | Reached skill level 1 in Shields
  1678 | D:2      | Reached XP level 4. HP: 28/28 MP: 7/7
  2709 | D:3      | Learned a level 3 spell: Spider Form
  2712 | D:3      | Learned a level 2 spell: Wereblood
  2817 | D:3      | Found a snail-covered altar of Cheibriados.
  2818 | D:3      | Found a sparkling altar of Nemelex Xobeh.
  2821 | D:3      | Found a glowing golden altar of the Shining One.
  2821 | D:3      | Found a hide-covered altar of Uskayaw.
  2827 | D:3      | Became a worshipper of Nemelex Xobeh the Trickster
  2910 | D:3      | Found an opulent altar of Gozag.
  2910 | D:3      | Found an ornate altar of the Wu Jian Council.
  3139 | D:4      | Reached skill level 4 in Unarmed Combat
  3139 | D:4      | Reached XP level 5. HP: 26/33 MP: 4/8
  3354 | D:4      | Noticed a water moccasin
  3373 | D:4      | Killed a water moccasin
  3374 | D:4      | Reached skill level 1 in Throwing
  3374 | D:4      | Reached XP level 6. HP: 20/38 MP: 6/9
  3535 | D:4      | Found Akieme Effi's Distillery.
  3571 | D:4      | Bought 2 potions of curing for 60 gold pieces
  3571 | D:4      | Bought a potion of curing for 30 gold pieces
  3571 | D:4      | Bought a potion of curing for 30 gold pieces
  4388 | D:5      | Entered Level 5 of the Dungeon
  4408 | D:5      | Reached * piety under Nemelex Xobeh
  4475 | D:5      | Found a staircase to the Ecumenical Temple.
  4611 | D:5      | Received a gift from Nemelex Xobeh
  4663 | D:5      | Noticed a sky beast
  4670 | D:5      | Killed a sky beast
  4671 | D:5      | Reached XP level 7. HP: 36/43 MP: 7/11
  4896 | D:5      | Reached skill level 1 in Necromancy
  5041 | D:5      | Noticed Edmund
  5057 | D:5      | Reached skill level 1 in Crossbows
  5147 | D:5      | Killed Edmund
  5231 | D:5      | Reached ** piety under Nemelex Xobeh
  5237 | D:5      | Noticed Pikel
  5252 | D:5      | Killed Pikel
  5253 | D:5      | Reached skill level 5 in Unarmed Combat
  5253 | D:5      | Reached XP level 8. HP: 20/48 MP: 9/13
  5537 | D:5      | Found a white marble altar of Elyvilon.
  5948 | D:4      | Found a shadowy altar of Dithmenos.
  6385 | D:6      | HP: 4/48 [orc wizard/+2 dagger of venom (6)]
  6494 | D:6      | Noticed Blork the orc
  6558 | D:6      | Killed Blork the orc
  6583 | D:6      | Reached skill level 5 in Transmutations
  6773 | D:6      | Reached skill level 6 in Unarmed Combat
  6835 | D:6      | Paralysed by an orc wizard for 6 turns
  7373 | D:7      | Found a shimmering blue altar of Sif Muna.
  7389 | D:7      | Received a gift from Nemelex Xobeh
  7467 | D:7      | Found a flagged portal.
  7487 | Bailey   | Entered a bailey
  7487 | Bailey   | Noticed an orc knight
  7488 | Bailey   | Noticed an orc knight
  7499 | Bailey   | Reached XP level 9. HP: 17/53 MP: 10/14
  7521 | Bailey   | Noticed an orc knight
  7527 | Bailey   | HP: 3/53 [orc knight/+0 glaive (22)]
  7529 | Bailey   | Slain by an orc warrior

Illustrated notes

Levels and vault maps discovered:
D:1:      onia_arrival_pentagram, layout_rooms, hangedman_decor_points,
          st_stairs_13
D:2:      layout_basic, nicolae_overflow_crystal_walls,
          nicolae_ashenzari_panopticon, minmay_cut_off
D:3:      layout_loops_ring, chequers_temple_overflow_statue_of_worship,
          gammafunk_temple_overflow_elements
D:4:      layout_cave_pods, nicolae_overflow_hidden_temple, serial_shops, shop,
          hangedman_abyss_or_decor_passed, minmay_checkerbox
D:5:      layout_cave_pods, kennysheep_little_box, temple_statues, serial_bayou,
          serial_bayou_pond_c, serial_bayou_pond_a, serial_bayou_shore_a,
          serial_bayou_ford_a, uniq_edmund, uniq_pikel
D:6:      layout_cave_pools, serial_co_window_serial, co_window_cross_1,
          co_window_of_opportunity_a, co_window_corner_a, co_window_paths_a,
          co_window_cross_1, co_window_paths_b, co_window_broadway_a,
          co_window_corner_cb, co_window_2corner, glass_columns_b,
          glass_columns_c, glass_columns_a, glass_columns_c, uniq_blork_the_orc
D:7:      layout_basic, kennysheep_mini_moat, overflow_temple_1_default,
          enter_bailey_3
Bailey:   bailey_polearm_4, bailey

Skill      XL: |  1  2  3  4  5  6  7  8  9 |
---------------+----------------------------+-----
Poison Magic   | 1 2 3 |  3.5
Stealth        | 1 2 4 |  4.0
Shields        | 1 2 3 |  3.8
Unarmed Combat | 4 5 6 |  6.5
Throwing       | 1 |  1.1
Transmutations | 3 4 5 |  5.7
Necromancy     | 2 |  2.0
Crossbows      | 2 3 |  3.1
Spellcasting   | 3 4 |  4.0
Fighting       | |  1.0
Dodging        | |  2.0

Action                   |  1- 3 |  4- 6 |  7- 9 || total
-------------------------+-------+-------+-------++-------
Melee: Unarmed           |    54 |    81 |   103 ||   238
       Constrict         |    16 |    17 |     2 ||    35
       Tentacles         |     7 |    10 |     2 ||    19
       Kick              |     7 |     1 |       ||     8
       Punch             |     2 |       |       ||     2
 Fire: Arbalest          |       |    14 |    55 ||    69
Throw: Javelin           |    17 |    51 |       ||    68
 Cast: Beastly Appendage |    16 |     1 |       ||    17
       Spider Form       |       |     6 |    17 ||    23
       Wereblood         |       |       |     1 ||     1
Invok: Draw Summoning    |       |       |     2 ||     2
       Draw Destruction  |       |       |     6 ||     6
       Draw Escape       |       |       |     1 ||     1
Evoke: Wand              |       |       |     2 ||     2
  Use: Scroll            |     3 |     6 |     6 ||    15
       Potion            |       |     2 |     8 ||    10
 Stab: Sleeping          |     1 |     2 |       ||     3
Armor: Skin              |     2 |     7 |     7 ||    16
Dodge: Dodged            |    36 |    93 |   102 ||   231

Table legend: (Time is in decaauts)
 A = Elapsed time spent in this place.
 B = Non-inter-level travel time spent in this place.
 C = Inter-level travel time spent in this place.
 D = Time resting spent in this place.
 E = Time spent auto-exploring this place.
 F = Levels seen in this place.
 G = Mean time per level.
                   A        B        C        D        E       F      G
               +--------+--------+--------+--------+--------+-----+--------+
         Total |   7581 |   6863 |    718 |    278 |   5454 |   8 |  947.6 |
       Dungeon |   7539 |   6821 |    718 |    278 |   5454 |   7 | 1077.0 |
        Bailey |     41 |     41 |      0 |      0 |      0 |   1 |   41.0 |
               +--------+--------+--------+--------+--------+-----+--------+

Top non-repeatable levels by time:
     D:5: 1569 daAuts
     D:4: 1449 daAuts
     D:6: 1301 daAuts
     D:2: 1266 daAuts
     D:3: 1019 daAuts
     D:1: 801 daAuts
     D:7: 131 daAuts
  Bailey: 41 daAuts
